 Dungeon Sprint DCSS version 0.26.1-11-gd32895ea62 (webtiles) character file.

Game seed: 13900334294632545331

46 Groucho the Ducker (level 3, 0/18 HPs)
             Began as a Felid Berserker on July 1, 2021.
             Was a Priest of Trog.
             Killed by vampiric draining
             ... invoked by a vampire
              (12 damage)
             ... in the Dungeon (Sprint IX: "|||||||||||||||||||||||||||||").
             The game lasted 00:01:09 (914 turns).

Groucho the Ducker (Felid Berserker)                 Turns: 914, Time: 00:01:09

Health: 0/18       AC:  1    Str: 13    XL:     3   Next: 46%
Magic:  4/4        EV: 23    Int: 11    God:    Trog [***...]
Gold:   0          SH:  0    Dex: 16    Spells: 2/2 levels left
                                        Lives:  0   Deaths: 0

rFire    . . .     SeeInvis +     - Unarmed
rCold    . . .     Faith    .   (shield unavailable)
rNeg     . . .     Spirit   .   (armour unavailable)
rPois    .         Reflect  .   (helmet unavailable)
rElec    .         Harm     .   (cloak unavailable)
rCorr    .         Rampage  .   (gloves unavailable)
Will     ++...     NoTele   +   (boots unavailable)
Stlth    +++.......             (no amulet)
HPRegen  1.06/turn              j - +3 ring of intelligence
MPRegen  0.09/turn              k - +2 ring of evasion

@: regenerating, quick
A: very small, no armour, no weapons or thrown items, stealth, claws 1, fangs 3,
see invisible, speed 1, shaggy fur 1, sharp paws
a: Renounce Religion, Berserk, Trog's Hand


You were in the Dungeon.
You worshipped Trog.
Trog was most pleased with you.
You visited 1 branch

Inventory:

Jewellery
 j - a +3 ring of intelligence (left paw)
 k - a +2 ring of evasion (right paw)
Wands
 i - a wand of iceblast (10)
Scrolls
 f - 2 scrolls of blinking
 h - 3 scrolls of remove curse
Potions
 a - 5 potions of curing
 b - 3 potions of heal wounds
 c - a potion of haste
 d - 4 potions of magic
 e - a potion of berserk rage
 g - a potion of invisibility


   Skills:
 + Level 4.5 Fighting
 + Level 6.0 Dodging
 + Level 4.7 Stealth
 + Level 4.5 Unarmed Combat


You had 2 spell levels left.
You didn't know any spells.
Your spell library was empty.

Dungeon Overview and Level Annotations

Branches:
Dungeon (1/1)

Altars:
Cheibriados
Dithmenos
Elyvilon
Fedhas
Gozag
Hepliaklqana
Kikubaaqudgha
Makhleb
Nemelex Xobeh
Okawaru
Qazlal
Ru
Sif Muna
Trog
Uskayaw
Vehumet
Wu Jian
Xom
Yredelemnul
Zin
The Shining One
Beogh
Jiyva
Lugonu


Innate Abilities, Weirdness & Mutations

You cannot wear armour.
You are incapable of wielding weapons or throwing items.
Your paws allow you to move quietly. (Stealth)
You have sharp claws.
You have razor-sharp teeth.
You have supernaturally acute eyesight. (SInv)
You cover ground quickly.
You are covered in fur. (AC +1)
Your sharp claws are effective at attacking unaware monsters.


Message History

The vampire is infused with unholy energy.
The vampire draws life force from you and is healed!
Your skin crawls.
You feel strong-willed. The orc wizard barely misses you. The vampire hits you.
The vampire closely misses you.
You scratch the vampire. You bite the vampire, but do no damage.
The vampire is almost destroyed.
The vampire points at itself and mumbles some strange words.
The vampire flickers and vanishes for a moment.
The orc wizard misses you.
You completely miss the vampire.
The vampire is almost destroyed.
The centaur wields a cursed +0 shortbow.
The centaur shoots an arrow.
The arrow hits the vampire but does no damage.
The orc wizard completely misses you.
The vampire is infused with unholy energy.
Ouch! That really hurt!
You die... ▓▓▓▓▓▓▓▓▓▓▓▓▓▓▓▓▓▓▓▓▓▓▓▓ +.hOOcV@o.[[[.)?.'______ ▓▓▓▓▓▓▓▓▓▓▓▓▓▓▓▓▓▓▓▓▓▓▓▓

You could see a vampire (invisible), 2 ogres, a centaur, a hound and an orc wizard.

Vanquished Creatures
  An iguana (D)
  A shadow imp (D)
  An ufetubus (D)
  An orc (D)
  A bat (D)
  A hobgoblin (D)
  A frilled lizard (D)
  A giant cockroach zombie (D)
  A goblin (D)
  A rat (D)
10 creatures vanquished.

Notes
Turn   | Place    | Note
-------+----------+-------------------------------------------
     0 | D        | Groucho the Felid Berserker began the quest for the Orb.
     0 | D        | Reached XP level 1. HP: 10/10 MP: 2/2
     7 | D        | Reached skill level 1 in Stealth
    10 | D        | Reached ** piety under Trog
   507 | D        | Noticed an iguana
   516 | D        | Reached skill level 5 in Dodging
   516 | D        | Reached XP level 2. HP: 15/15 MP: 3/3
   516 | D        | Reached *** piety under Trog
   527 | D        | Reached skill level 6 in Dodging
   527 | D        | Reached XP level 3. HP: 18/18 MP: 4/4
   864 | D        | Found a roughly hewn altar of Beogh.
   864 | D        | Found a snail-covered altar of Cheibriados.
   864 | D        | Found a shadowy altar of Dithmenos.
   864 | D        | Found a white marble altar of Elyvilon.
   864 | D        | Found a blossoming altar of Fedhas.
   864 | D        | Found an opulent altar of Gozag.
   865 | D        | Found a hazy altar of Hepliaklqana.
   866 | D        | Found a viscous altar of Jiyva.
   867 | D        | Found an ancient bone altar of Kikubaaqudgha.
   868 | D        | Found a corrupted altar of Lugonu.
   869 | D        | Found a burning altar of Makhleb.
   870 | D        | Found a sparkling altar of Nemelex Xobeh.
   871 | D        | Found an iron altar of Okawaru.
   872 | D        | Found a stormy altar of Qazlal.
   873 | D        | Found a sacrificial altar of Ru.
   874 | D        | Found a shimmering blue altar of Sif Muna.
   875 | D        | Found a bloodstained altar of Trog.
   876 | D        | Found a hide-covered altar of Uskayaw.
   877 | D        | Found a radiant altar of Vehumet.
   878 | D        | Found an ornate altar of the Wu Jian Council.
   879 | D        | Found a shimmering altar of Xom.
   880 | D        | Found a basalt altar of Yredelemnul.
   881 | D        | Found a glowing silver altar of Zin.
   882 | D        | Found a glowing golden altar of the Shining One.
   908 | D        | Noticed an ogre
   908 | D        | Noticed an ogre
   908 | D        | Noticed a centaur
   908 | D        | Noticed a vampire
   914 | D        | Killed from afar by a vampire

Illustrated notes

Levels and vault maps discovered:
D:        linesprint [early_d, line_temple, items_1, d_10, items_2, lair_1,
          lair_end, items_3, orc_1, orc_end, items_4, d_15, swamp_1, shoals_1,
          snake_1, spider_1, d_20, vaults_1, items_5, swamp_end, shoals_end,
          snake_end, spider_end, vaults_end, d_27, items_6, zot_1, zot_end,
          crypt_end, forest_end, elf_end, slime_end, tomb_end, abyss_end,
          pan_hell_end]

Skill      XL: |  1  2 |
---------------+-------+-----
Stealth        | 3 4 |  4.7
Dodging        | 5 6 |  6.0
Fighting       | 4 |  4.5
Unarmed Combat | 4 |  4.5

Action                   || total
-------------------------++-------
Melee: Unarmed           ||    32
       Bite              ||     1
Invok: Trog's Hand       ||     2
       Berserk           ||     1
 Stab: Sleeping          ||     1
Armor: Skin              ||     2
Dodge: Dodged            ||    20
